 Dungeon Crawl Stone Soup version 0.27.1-33-g824d729ab1 (webtiles) character file.

Game seed: 13981427510543347490

114 unlimited1921 the Ogre Mage (level 4, -2/38 (39) HPs)
             Began as an Ogre Fire Elementalist on Dec 3, 2021.
             Slain by an iguana (10 damage)
             ... on level 4 of the Dungeon.
             The game lasted 00:10:51 (4641 turns).

unlimited1921 the Ogre Mage (OgFE)                  Turns: 4641, Time: 00:10:51

HP:   -2/38 (39)    AC:  3    Str: 13    XL:     4   Next: 97%
MP:   0/10          EV: 10    Int: 16    God:
Gold: 109           SH:  0    Dex:  9    Spells: 10/11 levels left

rFire    . . .     SeeInvis .   f - +0 short sword
rCold    . . .     Faith    .   (no shield)
rNeg     . . .     Spirit   .   a - +0 robe
rPois    .         Reflect  .   (helmet restricted)
rElec    .         Harm     .   (no cloak)
rCorr    .         Rampage  .   (gloves unavailable)
Will     .....                  (boots unavailable)
Stlth    ++........             (no amulet)
HPRegen  0.12/turn              (no ring)
MPRegen  0.12/turn              (no ring)

@: lightly drained
A: large, unfitting armour, tough skin 1
a: no special abilities


You were on level 4 of the Dungeon.
You visited 1 branch of the dungeon, and saw 4 of its levels.

You collected 109 gold pieces.

Inventory:

Hand Weapons
 d - a +0 dagger
 f - a +0 short sword (weapon)
 g - a +2 dagger of venom
 h - a +2 dagger of speed
 n - a +0 mace
 s - a +0 trident
 w - a +0 trident
 x - a +0 flail
Missiles
 m - 22 arrows
 u - 15 bolts
Armour
 a - a +0 robe (worn)
 p - a +0 chain mail
Wands
 t - a wand of digging (3)
Scrolls
 e - a scroll of blinking {unknown}
 j - 4 scrolls of identify {unknown}
 k - 2 scrolls of holy word {unknown}
 l - 2 scrolls of teleportation {unknown}
 q - a scroll of summoning {unknown}
 v - a scroll of fear {unknown}
Potions
 b - a potion of brilliance {unknown}
 c - 2 potions of lignification {unknown}
 i - a potion of haste {unknown}
 o - a potion of resistance {unknown}
 r - a potion of mutation {unknown}


   Skills:
 + Level 2.1 Dodging
 + Level 1.8 Stealth
 + Level 4.0 Spellcasting
 + Level 1.6 Conjurations
 + Level 3.4 Fire Magic


You had 10 spell levels left.
You knew the following spells:

 Your Spells              Type           Power      Damage    Failure   Level
a - Foxfire               Conj/Fire      44%        2x1d6     6%          1

Your spell library contained the following spells:

 Spells                   Type           Power      Damage    Failure   Level
 Magic Dart               Conj           32%        1d4       9%          1
 Searing Ray              Conj           16%        3d3       13%         2
 Conjure Flame            Conj/Fire      11%        6-21      19%         3
 Inner Flame              Hex/Fire       8%         N/A       26%         3
 Sticky Flame             Conj/Fire      11%        2d3       52%         4
 Fulminant Prism          Conj/Hex       2%         3d6       75%         4
 Fireball                 Conj/Fire      5%         3d5       86%         5


Dungeon Overview and Level Annotations

Branches:
Dungeon (4/15)
 Temple: D:4-7

Altars:
Ashenzari


Innate Abilities, Weirdness & Mutations

You are too large for most types of armour.
You have tough skin. (AC +1)


Message History

Confirm with . or Enter, or press ? or * to list all spells.
You conjure some foxfire!
The adder bites you.
You are poisoned.
The adder poisons you!
You feel sick.
The foxfire hits the adder but does no damage.
The adder is heavily wounded.
The foxfire hits the orc.
The orc is lightly wounded.
Casting: Foxfire (safe; 6% risk of failure)
Confirm with . or Enter, or press ? or * to list all spells.
You conjure some foxfire!
You feel sick. The adder barely misses you.
The orc hits you with a +0 dagger of draining.
You feel drained.
Your foxfire dissipates!
You feel sick.
The foxfire hits the orc.
You kill the orc!
The adder barely misses you.
You feel sick.
You feel sick. The adder misses you.
You feel sick.
You feel sick.
You are no longer poisoned.
Casting: Foxfire (safe; 6% risk of failure)
Confirm with . or Enter, or press ? or * to list all spells.
You conjure some foxfire!
The iguana bites you!
* * * LOW HITPOINT WARNING * * *
The foxfire hits the iguana.
The iguana is lightly wounded.
The foxfire hits the iguana but does no damage.
The iguana is lightly wounded.
Casting: Foxfire (safe; 6% risk of failure)
Confirm with . or Enter, or press ? or * to list all spells.
You conjure some foxfire!
An orc wizard appears from thin air!
Reactivating autopickup.
The orc wizard casts a spell.
The orc wizard flickers and vanishes!
Deactivating autopickup; reactivate with Ctrl-A.
The adder barely misses you. The iguana bites you!
You die...

############### #.........(...#
#.###########.# #######
#........####.# #.....#
##.......#....# #....:#
#........#.####
##.....#####...Sv...#.#
...........o...l@.>.'.#
##......####....v...#############
######.# #.####.......#...#...>
####.####...##.#####.##..#.##.
####......####.##.#.........#.##.
..........# #.##.#.###...(..(##.
..........# #....#...####.#####.
......)...# ########.####.# #...
####.....(# #.....#....# #.##


You could see an iguana (ally target), an adder (ally target) and an orc.

Vanquished Creatures
  An orc priest (D:4)
  3 adders
  A worm (D:2)
  3 orcs (D:4)
  3 bats
  4 endoplasms
  2 giant cockroaches
  9 goblins
  6 hobgoblins
  2 quokkas
  3 ball pythons
  3 frilled lizards
  5 kobolds
  5 rats
50 creatures vanquished.

Vanquished Creatures (others)
  178 foxfires
178 creatures vanquished.

Grand Total: 228 creatures vanquished

Notes
Turn   | Place    | Note
-------+----------+-------------------------------------------
     0 | D:1      | unlimited1921 the Ogre Fire Elementalist began the quest
                  | for the Orb.
     0 | D:1      | Reached XP level 1. HP: 16/16 MP: 3/3
   241 | D:1      | Reached skill level 1 in Conjurations
   413 | D:1      | Reached XP level 2. HP: 24/24 MP: 1/5
  1279 | D:2      | Reached XP level 3. HP: 31/31 MP: 1/7
  2259 | D:2      | Reached skill level 3 in Spellcasting
  2759 | D:3      | Found a broken altar of Ashenzari.
  3837 | D:3      | Reached XP level 4. HP: 39/39 MP: 2/9
  4595 | D:4      | Reached skill level 4 in Spellcasting
  4641 | D:4      | Slain by an iguana

Illustrated notes

Levels and vault maps discovered:
D:1:      minmay_arrival_jagged, layout_loops_ring, minmay_tetromino_l2
D:2:      layout_rooms
D:3:      layout_loops_corners, cheibrodos_ashenzari_chains
D:4:      layout_basic

Skill      XL: |  1  2  3  4 |
---------------+-------------+-----
Conjurations   | 1 |  1.6
Fire Magic     | 3 |  3.4
Dodging        | 2 |  2.1
Spellcasting   | 3 4 |  4.0
Stealth        | |  1.8

Action                   |  1- 3 |  4- 6 || total
-------------------------+-------+-------++-------
Melee: Short sword       |    10 |     9 ||    19
 Cast: Foxfire           |    85 |    28 ||   113
Armor: Robe              |     2 |     6 ||     8
Dodge: Dodged            |     6 |    21 ||    27
